 Dungeon Crawl Stone Soup version 0.31.0-12-g77e489cdc1 (webtiles) character file.

Game seed: 11404726418826238492

3496212 monsoonserge the Merfolkian Barricade (level 27, 224/224 HPs)
             Began as a Merfolk Monk on Mar 5, 2024.
             Was the Champion of Qazlal.
             Escaped with the Orb
             ... and 6 runes on Mar 6, 2024!
             The game lasted 09:26:13 (91473 turns).

monsoonserge the Merfolkian Barricade (MfMo)       Turns: 91473, Time: 09:26:14

Health: 224/224    AC: 16    Str: 11    XL:     27
Magic:  50/50      EV: 35    Int: 31    God:    Qazlal [******]
Gold:   5464       SH: 52    Dex: 29    Spells: 13/44 levels left

rFire   + + .        R - +9 eudemon blade (holy)
rCold   + + .        Q - +18 shield of the Gong {Loud rN+ Will+ rCorr EV-5}
rNeg    + . .        E - +5 moon troll leather armour {Spirit, Regen++ MP+5}
rPois   +            n - +2 hat {Int+3}
rElec   +            M - scarf {rC+ rF+}
rCorr   +            h - +2 pair of gloves of Polish {Dex+2}
SInv    .            w - +1 pair of boots of Ozaum {rC+ Regen+ MP+9}
Will    +++..        t - amulet of reflection
Stlth   +            d - ring of the Madman {rElec Int+6}
HPRegen 2.97/turn    G - ring of Eho Cecw {Wiz rPois Int+7 Stlth+}
MPRegen 0.32/turn

%: repel missiles, reflection, guardian spirit, wizardry (x1)
@: studying 2 skills
A: (nimble swimmer 2), mertail, clever 1, deformed body, fire resistance 1,
frail 1, screaming 2, inability to read after injury 1
0: Orb of Zot
}: 6/15 runes: serpentine, barnacled, slimy, silver, abyssal, demonic
a: Renounce Religion, Upheaval, Elemental Force, Disaster Area


You escaped.
You worshipped Qazlal.
Qazlal was exalted by your worship.
You visited 13 branches of the dungeon, and saw 57 of its levels.
You visited Pandemonium 1 time, and saw 4 of its levels.
You visited the Abyss 2 times.
You visited 3 bazaars.
You also visited: Trove, Ossuary, Ice Cave and Wizlab.

You collected 9904 gold pieces.
You spent 4440 gold pieces at shops.

Inventory:

Hand Weapons
 R - a +9 eudemon blade of holy wrath (weapon)
Missiles
 a - 6 datura-tipped darts
 s - 8 throwing nets (quivered)
 P - 21 curare-tipped darts
 T - 18 atropa-tipped darts
Armour
 h - the +2 pair of gloves of Polish (worn) {Dex+2}
   (You bought it in a shop on level 3 of the Snake Pit)

   Dex+2:     It affects your dexterity (+2).
 n - a +2 hat of intelligence (worn)
 w - the +1 pair of boots of Ozaum (worn) {rC+ Regen+ MP+9}
   (You found it on level 3 of the Snake Pit)

   rC+:       It protects you from cold.
   MP+9:      It affects your magic capacity (+9).
   Regen+:    It increases your rate of health regeneration.
 B - the +4 ring mail of the Bulwark {rF+ rN+ Regen+}
   (You found it on level 5 of the Pits of Slime)

   rF+:       It protects you from fire.
   rN+:       It protects you from negative energy.
   Regen+:    It increases your rate of health regeneration.
 E - the +5 moon troll leather armour (worn) {Spirit, Regen++ MP+5}
   (You found it on level 3 of the Snake Pit)

   MP+5:      It affects your magic capacity (+5).
   Regen++:   It increases your rate of health regeneration.
 M - a scarf of resistance (worn)
 Q - the +18 shield of the Gong (worn) {Loud rN+ Will+ rCorr EV-5}
   (You found it on level 3 of the Lair of Beasts)

   Loud:      It is deafeningly noisy when blocking attacks.
   EV-5:      It affects your evasion (-5).
   rN+:       It protects you from negative energy.
   Will+:     It increases your willpower.
   rCorr:     It protects you from acid and corrosion.
Jewellery
 d - the ring of the Madman (left hand) {rElec Int+6}
   (You bought it in a shop on level 2 of the Orcish Mines)

   [ring of intelligence]

   Int+6:     It affects your intelligence (+6).
   rElec:     It insulates you from electricity.
 t - an amulet of reflection (around neck)
 D - the amulet of Curaw {Acrobat Rampage rElec rCorr Stlth+}
   (You found it on level 3 of the Elven Halls)

   [amulet of the acrobat]

   Acrobat:   It increases your evasion while moving and waiting.
   rElec:     It insulates you from electricity.
   rCorr:     It protects you from acid and corrosion.
   Rampage:   It bestows one free step when moving towards enemies.
   Stlth+:    It makes you more stealthy.
 G - the ring of Eho Cecw (right hand) {Wiz rPois Int+7 Stlth+}
   (You found it on level 2 of the Depths)

   [ring of wizardry]

   Wiz:       It improves your spell success rate.
   Int+7:     It affects your intelligence (+7).
   rPois:     It protects you from poison Stlth+: It makes you more stealthy.
 J - the ring of Pessugra {rF+ Will+++ MP+9 Int+3 Dex-4}
   (You bought it in a shop in a bazaar)

   [ring of magical power]

   Int+3:     It affects your intelligence (+3).
   Dex-4:     It affects your dexterity (-4).
   rF+:       It protects you from fire.
   Will+++:   It greatly increases your willpower.
   MP+9:      It affects your magic capacity (+9).
 N - the ring of Wopim {Ice rElec rN++ Str+2}
   (You took it off Josephina on level 1 of the Crypt)

   [ring of ice]

   Ice:       It enhances your ice magic.
   Str+2:     It affects your strength (+2).
   rF-:       It makes you vulnerable to fire.
   rC+:       It protects you from cold.
   rElec:     It insulates you from electricity.
   rN++:      It greatly protects you from negative energy.
 S - the ring of Doirghin {Fly rElec Will+ rCorr Stlth-}
   (You took it off a draconian monk on level 4 of the Depths)

   [ring of willpower]

   rElec:     It insulates you from electricity.
   Will+:     It increases your willpower.
   Fly:       It grants you flight.
   rCorr:     It protects you from acid and corrosion.
   Stlth-:    It makes you less stealthy.
Wands
 b - a wand of iceblast (68)
 q - a wand of polymorph (17)
 A - a wand of quicksilver (53)
 W - a wand of digging (12)
 X - a wand of paralysis (71)
Scrolls
 k - 16 scrolls of enchant armour
 m - 5 scrolls of teleportation
 o - 17 scrolls of fear
 r - 3 scrolls of silence
 y - 4 scrolls of blinking
 F - 14 scrolls of poison
 I - 10 scrolls of fog
 L - 4 scrolls of summoning
 O - 8 scrolls of immolation
 Z - 8 scrolls of revelation
Potions
 c - 10 potions of might
 e - 11 potions of heal wounds
 g - 10 potions of curing
 i - 2 potions of berserk rage
 j - 5 potions of resistance
 l - 3 potions of brilliance
 p - 5 potions of mutation
 z - a potion of ambrosia
 C - 6 potions of haste
 H - 7 potions of invisibility
 K - 3 potions of magic
 Y - 2 potions of cancellation
Miscellaneous
 f - a lightning rod (4/4)
 u - a phantom mirror
 v - a phial of floods
 x - a sack of spiders
 U - a condenser vane
 V - the horn of Geryon


   Skills:
 O Level 27 Fighting
 - Level 4.5(12.4) Short Blades
 - Level 17.7(18.0) Long Blades
 + Level 4.4 Throwing
 + Level 13.2 Armour
 O Level 27 Dodging
 - Level 4.0 Stealth
 O Level 27 Shields
 - Level 9.0 Spellcasting
 - Level 4.0 Conjurations
 + Level 11.7 Hexes
 - Level 2.0 Fire Magic
 - Level 5.0 Air Magic
 - Level 12.0 Alchemy
 * Level 19.1 Invocations
 + Level 11.2 Evocations
 - Level 5.6 Shapeshifting


You had 13 spell levels left.
You knew the following spells:

 Your Spells              Type           Power      Damage    Failure   Level
a - Mephitic Cloud        Conj/Alch/Air  55%        N/A       1%          3
b - Olgreb's Toxic Radia  Alch           73%        N/A       1%          4
c - Ignite Poison         Fire/Alch      55%        N/A       1%          4
d - Yara's Violent Unrav  Hex/Alch       36%        3d15      1%          5
e - Cause Fear            Hex            36%        N/A       1%          4
f - Eringya's Noxious Bo  Alch           36%        4d6       1%          6
g - Silence               Hex/Air        30%        N/A       1%          5

Your spell library contained the following spells:

 Spells                   Type           Power      Damage    Failure   Level
 Apportation              Tloc           26%        N/A       1%          1
 Foxfire                  Conj/Fire      100%       2x1d9     1%          1
 Freeze                   Ice            52%        1d6       1%          1
 Necrotise                Necr           52%        1d6       1%          1
 Sandblast                Erth           26%        2d8       1%          1
 Slow                     Hex            100%       N/A       1%          1
 Sting                    Conj/Alch      100%       1d9       1%          1
 Summon Small Mammal      Summ           52%        N/A       1%          1
 Cigotuvi's Dreadful Rot  Necr/Alch/Air  98%        N/A       1%          2
 Jinxbite                 Hex            100%       N/A       1%          2
 Mercury Vapours          Alch/Air       100%       N/A       1%          2
 Scorch                   Fire           52%        2d7       1%          2
 Static Discharge         Conj/Air       82%        3-7/arc   1%          2
 Confusing Touch          Hex            72%        N/A       1%          3
 Dazzling Flash           Conj/Hex       100%       N/A       1%          3
 Inner Flame              Hex/Fire       54%        N/A       1%          3
 Sigil of Binding         Hex            72%        N/A       1%          3
 Swiftness                Air            44%        N/A       1%          3
 Tukima's Dance           Hex            72%        N/A       1%          3
 Anguish                  Hex/Necr       25%        N/A       1%          4
 Dimensional Bullseye     Hex/Tloc       25%        N/A       1%          4
 Leda's Liquefaction      Alch/Erth      25%        N/A       1%          4
 Petrify                  Alch/Erth      50%        N/A       1%          4
 Sticky Flame             Fire/Alch      55%        2d10      1%          4
 Alistair's Intoxication  Alch           48%        N/A       1%          5
 Call Imp                 Summ           26%        N/A       2%          2
 Sublimation of Blood     Necr           13%        N/A       2%          2
 Hailstorm                Conj/Ice       26%        3d7       2%          3
 Stone Arrow              Conj/Erth      52%        3d10      2%          3
 Airstrike                Air            22%        2d(4-20)  2%          4
 Metabolic Englaciation   Hex/Ice        25%        N/A       4%          5
 Summon Mana Viper        Hex/Summ       50%        N/A       4%          5
 Frozen Ramparts          Ice            26%        1d4       5%          3
 Gell's Gravitas          Tloc           13%        N/A       5%          3
 Ozocubu's Armour         Ice            13%        N/A       5%          3
 Passwall                 Erth           13%        N/A       5%          3
 Summon Ice Beast         Ice/Summ       13%        N/A       5%          3
 Teleport Other           Tloc           13%        N/A       5%          3
 Vampiric Draining        Necr           13%        2d6       5%          3
 Flame Wave               Conj/Fire      32%        2d9       5%          4
 Summon Lightning Spire   Summ/Air       29%        N/A       6%          4
 Brom's Barrelling Bould  Conj/Erth      26%        2d5       8%          4
 Iskenderun's Mystic Bla  Conj/Tloc      26%        2d7       8%          4
 Arcjolt                  Conj/Air       20%        1d30      8%          5
 Iskenderun's Battlesphe  Conj           38%        2d9       10%         5
 Summon Blazeheart Golem  Fire/Summ      20%        N/A       12%         4
 Enfeeble                 Hex            36%        N/A       12%         7
 Freezing Cloud           Conj/Ice/Air   16%        6-21      14%         5
 Animate Armour           Summ/Erth      26%        N/A       17%         4
 Martyr's Knell           Necr/Summ      13%        N/A       17%         4
 Passage of Golubria      Tloc           13%        N/A       17%         4
 Sculpt Simulacrum        Ice/Alch       25%        N/A       22%         6
 Curse of Agony           Necr           13%        N/A       43%         5
 Lee's Rapid Deconstruct  Erth           6%         3d6*      43%         5
 Summon Forest            Summ/Tloc      6%         N/A       43%         5
 Discord                  Hex            36%        N/A       65%         8
 Bombard                  Conj/Erth      13%        9d3       71%         6
 Dispersal                Tloc           6%         N/A       92%         6
 Summon Cactus Giant      Summ           6%         N/A       92%         6
 Orb of Destruction       Conj           19%        9d8       94%         7
 Spellforged Servitor     Conj/Summ      13%        N/A       99%         7
 Malign Gateway           Summ/Tloc      6%         N/A       100%        7
 Monstrous Menagerie      Summ           6%         N/A       100%        7
 Ozocubu's Refrigeration  Ice            6%         4d8       100%        7
 Summon Hydra             Summ           6%         N/A       100%        7
 Lehudib's Crystal Spear  Conj/Erth      13%        10d4      100%        8
 Summon Horrible Things   Summ           6%         N/A       100%        8
 Chain Lightning          Conj/Air       20%        3d27      100%        9
 Fire Storm               Conj/Fire      16%        8d4       100%        9
 Shatter                  Erth           6%         3d9*      100%        9


Dungeon Overview and Level Annotations

Branches:
Dungeon (15/15)            Temple (1/1) D:6            Lair (5/5) D:8
 Shoals (4/4) Lair:3        Snake (4/4) Lair:3        Slime (5/5) Lair:5
    Orc (2/2) D:11            Elf (3/3) Orc:2        Vaults (5/5) D:13
  Crypt (3/3) Vaults:3       Tomb (0/3) Crypt:3      Depths (4/4) D:15
   Hell (visited)             Dis (0/7) Hell            Geh (0/7) Hell
    Coc (0/7) Hell            Tar (0/7) Hell            Zot (5/5) Depths:4
Ossuary (visited)           IceCv (visited)          WizLab (visited)

Altars:
Ashenzari
Cheibriados
Dithmenos
Elyvilon
Fedhas
Gozag
Hepliaklqana
Kikubaaqudgha
Makhleb
Nemelex Xobeh
Okawaru
Qazlal
Ru
Sif Muna
Trog
Uskayaw
Vehumet
Wu Jian
Xom
Yredelemnul
Zin
The Shining One
Jiyva

Shops:
D:3 (   D:4 ?   D:5 (   D:10 :   Orc:2 [!:!=   Snake:2 *   Snake:3 [*[
Depths:1 [!

Portals:
Hell: Depths:1 Depths:2 Depths:3 Depths:4
Abyss: Depths:1 Depths:3 Depths:4
Pandemonium: Depths:2
Ziggurat: Depths:2


Innate Abilities, Weirdness & Mutations

((You are very nimble when in or above water. (Stealth+, EV+, Speed+++)))
Your lower body shifts to a powerful aquatic tail in water.
Your mind is acute. (Int +4, Str/Dex -1)
Armour fits poorly on your strangely shaped body.
Your flesh is heat resistant. (rF+)
You are frail. (-10% HP)
You frequently scream uncontrollably at your foes.
You occasionally lose the ability to read scrolls when taking damage.


Message History

The ice devil is heavily wounded.
You block the ice devil's attack.
GONNNNG!
You slice the ice devil!!
You kill the ice devil!
Qazlal accepts your kill.
There is a stone staircase leading up here.
You climb upwards.
There is a stone staircase leading down here.
A Tzitzimitl comes into view.
The Tzitzimitl moves out of view.
There is a stone staircase leading up here.
You climb upwards.
There is a stone staircase leading down here.
A chaos spawn comes into view.
You block the chaos spawn's attack.
BONNNG!
There is a stone staircase leading up here.
You block the chaos spawn's attack.
GONNNNG!
You climb upwards.
There is a stone staircase leading down here.
You slice the chaos spawn!!
The chaos spawn convulses.
You kill the chaos spawn!
Qazlal accepts your kill.
The chaos spawn degenerates into a cloud of primal chaos!
There is a stone staircase leading up here.
You climb upwards.
There is a stone staircase leading down here.
A sun demon comes into view.
The sun demon shouts!
You slice the sun demon!!
The sun demon convulses!!
You kill the sun demon!
Qazlal accepts your kill.
There is a stone staircase leading up here.
You climb upwards.
There is a stone staircase leading down here.
Okay, then.
There is a staircase leading out of the dungeon here.
You have escaped!

# #.# ##### ##..# #.#
#.. #.# ###########...#
#.# ##. #.#
#.............####.####.
#.#
###.........##..........
#.#
#8.........8#####.#####
#.# #...8...8...# #.# #
#.# #8..☼..°.§.8# #.# #
#.# ##.........##
#.##### #.# ####8@8####
#...... #.# ##### ###
####### #.## #.# # #
#..### #########.# # #
##.P.P## #..(......# # #
##..P...# #.######### #
# #..♣♣P..# #.# #
#..♣♣♣♣P###.# #
##..P♣P...#.#


There were no monsters in sight!

Vanquished Creatures
  Frederick (Vaults:3)
  7 dread liches
  4 orbs of fire
  2 ancient liches
  Mennas (Pan)
  3 juggernauts
  Xtahua (Depths:3)
  Sojobo (Crypt:1)
  Boris (twice) (Depths:1 Depths:3)
  Josephina (Crypt:1)
  Bai Suzhen (Shoals:2)
  Vv (Depths:2)
  8 Killer Klowns
  A curse toe (Zot:3)
  Saint Roka (Orc:2)
  Margery (Crypt:1)
  A caustic shrike (Depths:2)
  The ghost of Ukiefoc the Devastator, an adept DrFE of Vehumet (Vaults:1)
  Geryon (Hell)
  2 profane servitors (Crypt:3)
  10 golden dragons
  Jory (Crypt:1)
  2 bone dragons
  3 electric golems
  A Hell Sentinel (Pan)
  13 tentacled monstrosities
  2 hellephants
  6 liches
  A walking crystal tome (Depths:2)
  3 pandemonium lords
  Zenata (Vaults:3)
  26 Orb Guardians
  Rupert (Lair:3)
  7 quicksilver dragons
  A deep elf blademaster (Elf:3)
  7 sphinxes
  4 Executioners
  4 searing wretches (Depths:1)
  3 titans
  23 acid blobs
  2 krakens (Shoals:4)
  3 deep elf master archers (Elf:3)
  7 ancient champions
  8 death cobs
  Polyphemus (Shoals:2)
  3 tentacled starspawn (Abyss:3)
  7 shadow dragons
  Frances (Snake:1)
  Kirke (Lair:3)
  25 storm dragons
  8 tengu reavers
  Roxanne (Snake:1)
  Ilsuiw (Shoals:3)
  12 rockslimes
  13 azure jellies
  2 draconian knights
  Aizul (Elf:2)
  7 nagarajas
  3 protean progenitors
  4 draconian shifters
  A daeva (Abyss:3)
  5 fire giants
  15 vault wardens
  2 revenants
  10 draconian monks
  2 iron dragons
  7 frost giants
  2 balrugs (Pan)
  10 deep elf sorcerers
  A juggernaut zombie (Crypt:3)
  5 deep elf elementalists
  2 curse skulls
  Louise (Lair:3)
  An angel (Abyss:3)
  5 draconian scorchers
  2 ghost moths
  14 ghouls
  2 spriggan defenders (Depths:3)
  15 ironbound preservers
  4 draconian stormcallers
  A cacodemon (Pan)
  2 orc warlords
  3 formless jellyfish
  10 quicksilver oozes
  3 demonspawn blood saints (Pan)
  3 reapers
  21 stone giants
  6 draconian annihilators
  18 very ugly things
  4 ironbound thunderhulks
  7 demonspawn corrupters
  12 green draconians
  9 demonspawn black suns (Pan)
  4 deep elf demonologists (Elf:3)
  14 vampire knights
  8 dire elephants
  12 deep elf death magi
  2 ophanim (Abyss:3)
  14 purple draconians
  A war gargoyle (Vaults:4)
  A minotaur (Shoals:4)
  15 black draconians
  8 yellow draconians
  11 spark wasps
  15 white draconians
  14 red draconians
  10 deep elf annihilators (Elf:3)
  11 lorocyprocas
  5 blizzard demons (Pan)
  The ghost of bronco the Marksdemigod, a journeyman DgHu (Lair:3)
  11 ettins
  12 eidola
  2 green deaths (Pan)
  A mummy priest (Crypt:3)
  10 fire dragons
  10 merfolk impalers
  4 merfolk javelineers
  A fire dragon (shapeshifter) (Depths:3)
  4 jiangshi
  15 yaktaur captains
  2 crystal guardians (Vaults:1)
  A quicksilver dragon zombie (Crypt:3)
  16 deep elf high priests
  Erolcha (Orc:2)
  9 ice dragons
  3 entropy weavers
  2 spriggan zombies (Crypt:3)
  6 rakshasas
  Fannar (Lair:2)
  35 vault guards
  2 hell beasts (Pan)
  2 peacekeepers
  3 salamander tyrants
  2 alligator snapping turtles
  8 great orbs of eyes
  2 jorogumos (Zot:3)
  A spriggan skeleton (Hell)
  A catoblepas (Shoals:2)
  7 ogre magi
  A stoker (Depths:1)
  2 spriggan air magi (Depths:3)
  5 hydras
  4 boulder beetles
  3 ironbound frosthearts
  12 satyrs
  24 dancing weapons
  16 naga warriors
  2 centaur warriors (D:14)
  14 two-headed ogres
  A merfolk avatar (Shoals:3)
  10 anacondas
  7 deep troll shamans
  5 hell hogs
  2 merfolk aquamancers
  3 demonic crawlers (Pan)
  8 death knights
  5 tengu warriors
  5 vampire magi
  3 death yaks (Shoals:1)
  6 deep troll earth magi
  2 occultists
  4 thrashing horrors (Abyss:3)
  14 hell knights
  2 titan zombies (Crypt:3)
  5 shock serpents
  11 naga sharpshooters
  A storm dragon zombie (Crypt:3)
  3 spriggan berserkers (Depths:3)
  17 soul eaters
  11 deep elf knights
  13 sun demons
  The ghost of Curundu the Cleaver, a novice MiBe of Trog (D:8)
  7 sixfirhies
  8 salamander mystics
  5 wretched stars (Abyss:3)
  5 iron trolls
  A cherub (Abyss:3)
  8 skysharks
  6 shadow wraiths
  A mana viper (shapeshifter) (Vaults:5)
  3 flayed ghosts
  A spatial maelstrom (Abyss:3)
  A spriggan druid (WizLab)
  6 sea snakes
  A death drake (shapeshifter) (Depths:3)
  6 arcanists
  32 skeletal warriors
  A deep troll (shapeshifter) (Vaults:5)
  2 death drakes (Depths:4)
  22 phantasmal warriors
  9 naga ritualists
  An anaconda zombie (Crypt:3)
  5 deep elf archers
  4 glowing orange brains
  9 mana vipers
  2 bog bodies
  25 harpies
  2 spriggan simulacra
  An orange crystal statue (Elf:3)
  122 slime creatures
  2 shadow demons (Pan)
  43 deep trolls
  2 orb spiders (Zot:2)
  6 lindwurms
  19 ironbound convokers
  11 necromancers
  A harpy (shapeshifter) (Vaults:5)
  7 orc knights
  35 deep elf zephyrmancers
  4 alligator zombies
  28 deep elf pyromancers
  9 shining eyes
  9 orc sorcerers (Orc:2)
  2 will-o-the-wisps (Abyss:3)
  A draconian zombie (Crypt:3)
  A tengu skeleton (Vaults:5)
  47 salamanders
  An oklob plant (Shoals:2)
  26 fauns
  38 ugly things
  6 worldbinders
  7 guardian serpents
  A moth of wrath (shapeshifter) (Depths:4)
  2 human zombies (Vaults:4)
  A human skeleton (Vaults:5)
  16 manticores
  A meliai (shapeshifter) (D:12)
  8 cyclopes
  24 moths of wrath
  18 elephants
  A dire elephant zombie (Crypt:1)
  23 black mambas
  2 centaur zombies (Crypt:3)
  12 water nymphs
  A fire giant skeleton (Vaults:4)
  14 smoke demons
  13 vault sentinels
  2 kobold blastminers
  6 eyes of devastation
  An eye of devastation (shapeshifter) (Vaults:4)
  2 torpor snails
  9 merfolk sirens
  A stone giant skeleton (Crypt:1)
  An apocalypse crab (Abyss:3)
  3 ice statues
  13 large abominations
  15 naga magi
  3 gargoyles
  An orange demon (Pan)
  4 unseen horrors
  A hellion (Depths:4)
  2 kobold demonologists
  21 cane toads
  A sea snake zombie (Hell)
  A red draconian zombie (Crypt:2)
  2 guardian mummies (Crypt:3)
  4 rime drakes
  14 komodo dragons
  44 yaktaurs
  A tormentor (Depths:1)
  13 freezing wraiths
  3 efreet
  3 ancient zymes (Abyss:3)
  5 tengu conjurers
  36 merfolk
  10 trolls
  2 ice devils
  A red devil (Pan)
  4 hydra zombies
  10 hellwings
  2 polar bears
  3 tyrant leeches (Lair:5)
  A troll (shapeshifter) (Vaults:5)
  A merfolk (shapeshifter) (Vaults:5)
  A polar bear (shapeshifter) (D:15)
  A hydra skeleton (Hell)
  4 wind drakes
  A tarantella (Vaults:4)
  43 blink frogs
  A death drake skeleton (Crypt:1)
  A harpy skeleton (Abyss:3)
  A tengu simulacrum (Vaults:5)
  3 raiju (Abyss:3)
  5 glass eyes
  A deep troll zombie (Vaults:5)
  7 snapping turtles
  Sigmund (D:2)
  15 dream sheep
  4 ettin zombies
  A merfolk zombie (Crypt:3)
  An ettin skeleton (Crypt:1)
  2 shadows (Crypt:3)
  18 water elementals
  2 air elementals
  A fire dragon skeleton (Crypt:2)
  A dire elephant simulacrum (Hell)
  An elf simulacrum (Vaults:4)
  2 fire elementals
  8 humans
  2 naga simulacra (Crypt:2)
  17 wraiths
  52 yaks
  4 wyverns
  10 ynoxinuls
  4 steam dragons
  Grum (D:8)
  9 basilisks
  5 golden eyes
  5 neqoxecs
  A sea snake simulacrum (Hell)
  2 redbacks (Vaults:4)
  A wind drake skeleton (Crypt:2)
  5 chaos spawn
  15 vampire mosquitoes
  35 nagas
  A harpy simulacrum (Crypt:2)
  5 small abominations (Abyss:3)
  2 acid dragons
  A swamp worm (shapeshifter) (Vaults:1)
  18 water moccasins
  A hydra simulacrum (Hell)
  5 hell hounds (Abyss:3)
  4 great orb of eyes simulacra (IceCv)
  Duvessa (D:5)
  14 orc warriors
  A sky beast (D:7)
  7 laughing skulls
  3 black bears
  A merfolk simulacrum (Hell)
  2 boggarts
  A swamp dragon zombie (Crypt:1)
  18 ogres
  20 wolves
  8 centaurs
  6 slime creature simulacra (IceCv)
  A snapping turtle skeleton (Crypt:2)
  2 phantoms
  13 kobold brigands
  A rime drake skeleton (Crypt:2)
  A fire crab zombie (Crypt:2)
  A komodo dragon zombie (Crypt:1)
  2 weeping skulls (Abyss:3)
  20 bullfrogs
  An elf zombie (Ossuary)
  2 scorpions
  4 earth elementals
  16 necrophages
  4 glowing shapeshifter simulacra (IceCv)
  8 wyvern skeletons
  2 gnoll sergeants
  A water moccasin skeleton (Crypt:2)
  Dowan (D:5)
  10 killer bees
  5 howler monkeys
  An electric eel (Lair:5)
  A lava snake (D:12)
  2 bombardier beetles
  6 hounds
  4 jellies
  8 orc priests
  2 gnoll boudas
  3 iron imps (Abyss:3)
  Jessica (D:3)
  6 iguanas
  5 hell rats (Hell)
  31 orc wizards
  2 shapeshifter simulacra (IceCv)
  2 boggart skeletons
  A hound zombie (Ossuary)
  5 mummies
  11 gnolls
  10 adders
  4 white imps
  6 ufetubi
  A jelly zombie (Crypt:1)
  The ghost of CBP the Sneak, a weakling DgDe (D:5)
  3 dart slugs
  6 ribbon worms
  62 orcs
  6 ball pythons
  4 bats
  A bat zombie (D:4)
  7 endoplasms
  6 giant cockroaches
  8 goblins
  13 hobgoblins
  5 jackals
  4 quokkas
  3 frilled lizards
  2 frilled lizard zombies (D:4)
  32 kobolds
  7 rats
  2 aspiring fleshes
  2 fire vortices (Depths:1)
  3 starspawn tentacles (Abyss:3)
  4 tentacles (Shoals:4)
2802 creatures vanquished.

Vanquished Creatures (collateral kills)
  the Royal Jelly (Slime:5)
  An Ice Fiend (Pan)
  An acid blob (Slime:5)
  3 azure jellies (Slime:5)
  A very ugly thing (WizLab)
  A quicksilver ooze (Slime:5)
  The ghost of spaghetti the Fighter, a journeyman OnHs of Yredelemnul (Lair:1)
  A great orb of eyes (WizLab)
  An occultist (WizLab)
  A soul eater (Pan)
  A fire crab (Lair:3)
  A skyshark (Lair:2)
  A cherub (Abyss:3)
  A spriggan druid (WizLab)
  A swamp dragon (WizLab)
  An arcanist (WizLab)
  A salamander (Lair:3)
  An elephant (Lair:3)
  A meliai (Lair:1)
  An orange demon (Pan)
  A water nymph (WizLab)
  2 cane toads (Lair:4)
  A queen bee (Lair:1)
  3 hornets
  4 blink frogs (Lair:3)
  3 slime creatures
  A ynoxinul (Abyss:3)
  A wyvern (Lair:2)
  A naga (Lair:3)
  A water moccasin (Lair:3)
  A swamp drake (Lair:3)
  A centaur (D:8)
  A kobold brigand (D:8)
  A bullfrog (Lair:4)
  6 killer bees (Lair:1)
  A jelly (Lair:3)
  An orc priest (D:8)
  A mummy (Ossuary)
  An adder zombie (Ossuary)
  5 orcs (D:8)
  A gnoll zombie (Ossuary)
  2 goblin zombies (Ossuary)
  A hobgoblin zombie (Ossuary)
  A jackal zombie (Ossuary)
  4 rat zombies (Ossuary)
68 creatures vanquished.

Vanquished Creatures (others)
  A nagaraja (WizLab)
  2 fire giants
  A draconian stormcaller (Zot:3)
  A vault warden (Vaults:5)
  A deep elf annihilator (Elf:3)
  An ettin (Depths:3)
  A fire dragon (Depths:2)
  A yaktaur captain (Vaults:5)
  An occultist (WizLab)
  A soul eater (Pan)
  2 deep elf knights
  A glowing orange brain (shapeshifter) (WizLab)
  A deep elf archer (Elf:1)
  A deep elf zephyrmancer (Elf:1)
  A phantasmal warrior (Depths:1)
  A deep elf pyromancer (Elf:2)
  A yaktaur (Vaults:5)
  A tengu conjurer (Depths:3)
  2 blink frogs (Abyss:3)
  A raiju (Abyss:3)
  A golden eye (Slime:2)
  4 humans
  A laughing skull (Crypt:1)
  An orc warrior (Vaults:5)
  2 ogres (Vaults:5)
  2 creeping infernos (Hell)
  15 foxfires (Abyss:3)
  A lurking horror (Abyss:3)
  13 starspawn tentacles (Abyss:3)
  14 tentacles (Shoals:4)
77 creatures vanquished.

Grand Total: 2947 creatures vanquished

Notes
Turn   | Place    | Note
-------+----------+-------------------------------------------
     0 | D:1      | monsoonserge the Merfolk Monk began the quest for the Orb.
     0 | D:1      | Reached XP level 1. HP: 18/18 MP: 1/1
    63 | D:1      | Reached XP level 2. HP: 24/24 MP: 2/2
   316 | D:1      | Reached XP level 3. HP: 30/30 MP: 3/3
   998 | D:2      | Reached skill level 1 in Short Blades
  1010 | D:2      | Reached skill level 5 in Dodging
  1010 | D:2      | Reached XP level 4. HP: 36/37 MP: 4/4
  1178 | D:2      | Noticed Sigmund
  1202 | D:2      | Killed Sigmund
  1203 | D:2      | Reached XP level 5. HP: 24/43 MP: 5/5
  1203 | D:2      | Reached XP level 6. HP: 29/50 MP: 6/6
  2133 | D:3      | Reached skill level 5 in Fighting
  2350 | D:3      | Found Ruweicro's Weapon Boutique.
  2497 | D:3      | Noticed Jessica
  2500 | D:3      | Killed Jessica
  2501 | D:3      | Reached skill level 1 in Armour
  2780 | D:4      | Found Yhungonui's Magic Scroll Shoppe.
  2794 | D:4      | Bought a scroll of teleportation for 42 gold pieces
  2830 | D:4      | Reached XP level 7. HP: 53/56 MP: 7/7
  3206 | D:4      | Found an ancient bone altar of Kikubaaqudgha.
  3383 | D:4      | Bought a scroll of blinking for 105 gold pieces
  3390 | D:5      | Entered Level 5 of the Dungeon
  3392 | D:5      | Found a runed translucent gate.
  3392 | D:5      | Found a runed translucent gate.
  3392 | D:5      | Found a runed translucent gate.
  3410 | D:5      | Reached skill level 5 in Long Blades
  3593 | D:5      | Noticed Dowan
  3595 | D:5      | Noticed Duvessa
  3604 | D:5      | Killed Dowan
  3617 | D:5      | Killed Duvessa
  3618 | D:5      | Reached XP level 8. HP: 46/64 MP: 8/8
  3742 | D:5      | Found Feoh's Antique Weapon Shop.
  3766 | D:4      | Reached skill level 1 in Stealth
  4226 | D:5      | Noticed CBP's ghost (weakling DgDe)
  4296 | D:4      | Bought a scroll of poison for 56 gold pieces
  4393 | D:6      | Reached skill level 1 in Shapeshifting
  4411 | D:6      | Identified the +5 ring mail "Wedukk" {rElec Dex-2 Stlth+}
  4635 | D:6      | Found a staircase to the Ecumenical Temple.
  4655 | Temple   | Entered the Ecumenical Temple
  4832 | D:6      | Reached XP level 9. HP: 67/69 MP: 9/9
  5201 | D:7      | Found an opulent altar of Gozag.
  5205 | D:7      | Found a snail-covered altar of Cheibriados.
  5214 | D:7      | Found a sparkling altar of Nemelex Xobeh.
  5214 | D:7      | Found a glowing golden altar of the Shining One.
  5225 | D:7      | Became a worshipper of Nemelex Xobeh the Trickster
  5225 | D:7      | Reached * piety under Nemelex Xobeh
  5225 | D:7      | Received a gift from Nemelex Xobeh
  5225 | D:7      | Reached ** piety under Nemelex Xobeh
  5287 | D:7      | Reached skill level 1 in Invocations
  5325 | D:7      | Found a shadowy altar of Dithmenos.
  5369 | D:7      | Found a sand-covered staircase.
  5374 | Ossuary  | Entered an ossuary
  5412 | Ossuary  | Received a gift from Nemelex Xobeh
  6080 | D:8      | Received a gift from Nemelex Xobeh
  6081 | D:8      | Found a staircase to the Lair.
  6244 | D:8      | Found a runed translucent gate.
  6245 | D:8      | Noticed Curundu's ghost (novice MiBe)
  6248 | D:8      | Noticed a kobold demonologist
  6249 | D:8      | Found a runed translucent gate.
  6250 | D:8      | Found a runed translucent gate.
  6426 | D:8      | Reached XP level 10. HP: 76/77 MP: 12/12
  6650 | D:8      | Reached *** piety under Nemelex Xobeh
  6650 | D:8      | Noticed Grum
  6674 | D:8      | Killed Grum
  7228 | D:9      | Reached skill level 10 in Long Blades
  7253 | D:9      | Received a gift from Nemelex Xobeh
  7376 | D:9      | Found a shimmering altar of Xom.
  7376 | D:9      | Found a blossoming altar of Fedhas.
  7675 | D:9      | Noticed a two-headed ogre
  7684 | D:9      | Killed a two-headed ogre
  7998 | D:10     | Entered Level 10 of the Dungeon
  8009 | D:9      | Reached skill level 5 in Invocations
  8022 | D:10     | Found Uqeppedi's Book Shoppe.
  8079 | D:10     | Found a runed translucent door.
  8079 | D:10     | Noticed a sixfirhy
  8093 | D:10     | Noticed a salamander
  8093 | D:10     | Noticed a salamander
  8100 | D:10     | Noticed a salamander
  8173 | Lair:1   | Entered Level 1 of the Lair of Beasts
  8184 | Lair:1   | Reached skill level 5 in Armour
  8303 | Lair:1   | Noticed an elephant
  8316 | Lair:1   | Killed an elephant
  8323 | Lair:1   | Noticed an elephant
  8385 | Lair:1   | Reached XP level 11. HP: 80/84 MP: 15/15
  8396 | Lair:1   | Reached skill level 1 in Throwing
  8612 | Lair:1   | Reached **** piety under Nemelex Xobeh
  9166 | Lair:1   | Found a transporter.
  9225 | Lair:1   | Found a transporter.
  9225 | Lair:1   | Noticed spaghetti's ghost (journeyman OnHs)
 10177 | Lair:2   | Reached XP level 12. HP: 69/94 MP: 17/17
 11119 | Lair:2   | Noticed Fannar
 11403 | Lair:3   | Reached skill level 10 in Dodging
 11475 | Lair:3   | Reached skill level 10 in Fighting
 11566 | Lair:3   | Received a gift from Nemelex Xobeh
 11575 | Lair:3   | Noticed a skyshark
 11601 | Lair:3   | Found a staircase to the Shoals.
 11881 | Lair:2   | Killed a skyshark
 12065 | Lair:3   | Found the +18 shield of the Gong {Loud rN+ Will+ rCorr
                  | EV-5}
 12069 | Lair:3   | Found a runed translucent gate.
 12069 | Lair:3   | Found a runed translucent gate.
 12069 | Lair:3   | Found a runed translucent gate.
 12070 | Lair:3   | Noticed bronco's ghost (journeyman DgHu)
 12094 | Lair:3   | Reached ***** piety under Nemelex Xobeh
 12181 | Lair:3   | Noticed a six-headed hydra
 12259 | Lair:3   | Noticed a four-headed hydra
 12265 | Lair:3   | Reached skill level 1 in Shields
 12266 | Lair:3   | a four-headed hydra changed into a fire crab
 12272 | Lair:3   | Noticed a dire elephant
 12287 | Lair:3   | Killed a six-headed hydra
 12288 | Lair:3   | Reached XP level 13. HP: 90/104 MP: 19/19
 12293 | Lair:3   | Killed a dire elephant
 12391 | Lair:3   | Found a staircase to the Snake Pit.
 12440 | Lair:3   | Received a gift from Nemelex Xobeh
 12462 | Lair:3   | Reached skill level 5 in Shields
 13328 | D:5      | Killed CBP's ghost
 13515 | D:8      | Killed Curundu's ghost
 13683 | D:10     | Reached skill level 1 in Evocations
 13849 | Lair:2   | Killed Fannar
 14087 | Lair:4   | Noticed Rupert
 14360 | Lair:3   | Identified the -1 hand axe of Friendship {protect, *Corrode
                  | MP+9 Dex+7 Stlth+}
 14360 | Lair:3   | Paralysed by Rupert for 3 turns
 14390 | Lair:3   | Killed Rupert
 15168 | Lair:4   | Reached XP level 14. HP: 107/113 MP: 20/20
 15214 | Lair:4   | Identified the +0 leather armour "Fulem" {rF- Str+3 Int+2}
 15648 | Lair:4   | Found a blossoming altar of Fedhas.
 15846 | Lair:4   | Received a gift from Nemelex Xobeh
 16118 | Lair:5   | Entered Level 5 of the Lair of Beasts
 16389 | Lair:4   | Reached skill level 10 in Shields
 17417 | Lair:3   | Killed bronco's ghost
 17587 | Lair:1   | Killed spaghetti's ghost
 18031 | D:10     | Reached skill level 10 in Invocations
 18221 | D:10     | Received a gift from Nemelex Xobeh
 18315 | D:10     | Found the +3 salamander hide armour {Flames, rFlCloud rF++
                  | rC--}
 18560 | D:11     | Found a frozen archway.
 18618 | IceCv    | Entered an ice cave
 18642 | IceCv    | Noticed a quicksilver ooze
 18668 | IceCv    | Killed a quicksilver ooze
 18848 | IceCv    | Identified the amulet "Supry" {Spirit rElec Slay+3}
 19244 | IceCv    | Noticed an azure jelly
 19254 | IceCv    | Noticed a quicksilver ooze
 19257 | IceCv    | Killed an azure jelly
 19267 | IceCv    | Killed a quicksilver ooze
 19565 | IceCv    | Found a viscous altar of Jiyva.
 19580 | IceCv    | Got the ring "Jamampoe" {rPois rC+}
 19585 | IceCv    | Got the ring "Bastreat" {Ice Will+ Str-4 Dex+3 SInv}
 19690 | D:11     | Found a staircase to the Orcish Mines.
 19940 | D:11     | Received a gift from Nemelex Xobeh
 21213 | Lair:4   | Reached XP level 15. HP: 43/120 MP: 11/23
 21527 | D:5      | Bought a runed long sword for 117 gold pieces
 22483 | Lair:5   | Found a runed translucent door.
 22484 | Lair:5   | Found a viscous altar of Jiyva.
 22484 | Lair:5   | Noticed an acid blob
 22485 | Lair:5   | Noticed an acid blob
 22486 | Lair:5   | Found a staircase to the Slime Pits.
 22487 | Lair:5   | Received a gift from Nemelex Xobeh
 22610 | Lair:5   | Identified the +3 sling of the Sea {flame, ^Contam rElec
                  | rF++ Stlth+}
 22980 | Lair:5   | Killed an acid blob
 22984 | Lair:5   | Killed an acid blob
 23155 | D:10     | Bought a manual of Fighting for 1120 gold pieces
 23310 | Temple   | Fell from the grace of Nemelex Xobeh
 23310 | Temple   | Became a worshipper of Qazlal Stormbringer
 23469 | Orc:1    | Entered Level 1 of the Orcish Mines
 23787 | Orc:2    | Entered Level 2 of the Orcish Mines
 23787 | Orc:2    | Found Itualig's Book Shoppe.
 23888 | Orc:2    | Reached * piety under Qazlal
 24151 | Orc:2    | Found a staircase to the Elven Halls.
 25702 | D:12     | Reached ** piety under Qazlal
 26365 | D:12     | Reached XP level 16. HP: 123/132 MP: 22/24
 26663 | D:13     | Found a gate to the Vaults.
 28626 | D:15     | Entered Level 15 of the Dungeon
 28658 | D:14     | Reached *** piety under Qazlal
 28773 | D:15     | Found a staircase to the Depths.
 28778 | D:15     | Reached skill level 15 in Fighting
 29782 | Orc:2    | Found Zitrafro's Antique Armour Boutique.
 29795 | Orc:2    | Reached **** piety under Qazlal
 29915 | Orc:2    | Noticed Erolcha
 29924 | Orc:2    | Killed Erolcha
 29925 | Orc:2    | Reached skill level 15 in Shields
 29944 | Orc:2    | Found Naeser's Distillery.
 29959 | Orc:2    | Bought a potion of mutation for 104 gold pieces
 29959 | Orc:2    | Bought a potion of lignification for 39 gold pieces
 29972 | Orc:2    | Reached skill level 5 in Evocations
 29972 | Orc:2    | Found an ancient bone altar of Kikubaaqudgha.
 29978 | Orc:2    | Found Avurcho's Distillery.
 30006 | Orc:2    | Noticed Saint Roka
 30048 | Orc:2    | Killed Saint Roka
 30282 | Orc:2    | Bought a potion of haste for 160 gold pieces
 30284 | Orc:2    | Found a radiant altar of Vehumet.
 30320 | Orc:2    | Found Naebe's Jewellery Boutique.
 30530 | Orc:2    | Bought an ichor-stained scale mail for 306 gold pieces
 30530 | Orc:2    | Identified the +0 scale mail of the Comet {Will++} (You
                  | bought it in a shop on level 2 of the Orcish Mines)
 30586 | Elf:1    | Entered Level 1 of the Elven Halls
 30768 | Elf:1    | Reached skill level 15 in Dodging
 30873 | Elf:1    | Reached XP level 17. HP: 145/146 MP: 25/25
 31782 | Shoals:1 | Entered Level 1 of the Shoals
 31861 | Snake:1  | Entered Level 1 of the Snake Pit
 31880 | Snake:1  | Noticed Kirke
 31911 | Lair:3   | Killed Kirke
 31930 | Snake:1  | Identified the +1 tower shield "Bosyseg" {Regen+ Stlth+}
 31930 | Snake:1  | Noticed Louise
 32142 | Lair:3   | Killed Louise
 32227 | Snake:1  | Noticed Roxanne
 32634 | Shoals:1 | Reached ***** piety under Qazlal
 33996 | Snake:1  | Identified the +5 scale mail "Duroar" {Rampage Will+++
                  | Dex-4}
 34331 | Snake:1  | Noticed Frances
 34344 | Snake:1  | Killed Frances
 34982 | Snake:1  | Killed Roxanne
 35521 | Snake:2  | Reached XP level 18. HP: 130/155 MP: 21/26
 36037 | Shoals:2 | Noticed Polyphemus
 36266 | Shoals:2 | Killed Polyphemus
 37067 | Shoals:2 | Got Baxohoum's Grimoire of Geology
 37222 | Shoals:2 | Was forgiven by Nemelex Xobeh
 37518 | Shoals:2 | Found a shadowy altar of Dithmenos.
 37901 | Shoals:3 | Noticed Bai Suzhen
 38065 | Shoals:2 | Killed Bai Suzhen
 38255 | Shoals:3 | Noticed Ilsuiw
 38949 | Shoals:3 | Killed Ilsuiw
 39553 | Shoals:4 | Entered Level 4 of the Shoals
 41947 | Shoals:3 | Reached XP level 19. HP: 148/165 MP: 24/28
 42132 | Snake:2  | Found Luliy's Assorted Antiques.
 42140 | Snake:2  | Bought 2 scrolls labelled LUGONYUTRU for 76 gold pieces
 42140 | Snake:2  | Bought a scroll labelled REICAO ZIDISKU for 38 gold pieces
 42140 | Snake:2  | Bought a jewelled silver wand for 152 gold pieces
 42978 | Snake:2  | Reached ****** piety under Qazlal
 43314 | Snake:3  | Identified the +1 pair of boots of Ozaum {rC+ Regen+ MP+9}
 43713 | Snake:3  | Found the +5 moon troll leather armour {Spirit, Regen++
                  | MP+5}
 43818 | Snake:3  | Found Fysio's Antique Armour Shop.
 43822 | Snake:3  | Found Zielehiwn's General Store.
 43823 | Snake:3  | Found Wuaffoan's Antique Armour Shop.
 43828 | Snake:3  | Bought a scroll of noise for 13 gold pieces
 43862 | Snake:3  | Bought a pair of spiked gloves for 313 gold pieces
 43862 | Snake:3  | Identified the +2 pair of gloves of Polish {Dex+2} (You
                  | bought it in a shop on level 3 of the Snake Pit)
 43875 | Snake:3  | Bought an encrusted leather armour for 168 gold pieces
 43875 | Snake:3  | Identified the +3 leather armour "Naafaut" {Str+3} (You
                  | bought it in a shop on level 3 of the Snake Pit)
 44631 | Snake:4  | Entered Level 4 of the Snake Pit
 46243 | Snake:4  | Got a serpentine rune of Zot
 47021 | Shoals:3 | Reached XP level 20. HP: 171/174 MP: 29/29
 48146 | Shoals:4 | Got a barnacled rune of Zot
 49816 | Elf:2    | Found a magical portal.
 49849 | WizLab   | Entered Alistair's Party Mansion
 50448 | WizLab   | Got the Essays on Lofty Frost
 50552 | Elf:2    | Acquired a manual of Armour
 50923 | Elf:2    | Found a huge runed translucent gate.
 50923 | Elf:2    | Found a huge runed translucent gate.
 50933 | Elf:2    | Found a huge runed translucent gate.
 50934 | Elf:2    | Found a huge runed translucent gate.
 50935 | Elf:2    | Found a huge runed translucent gate.
 51070 | Elf:3    | Entered Level 3 of the Elven Halls
 51412 | Elf:3    | Got the Lectures on Helpful Battling
 51833 | Elf:2    | Identified the serpent talisman of Noon {rCorr}
 51833 | Elf:2    | Noticed Aizul
 51842 | Elf:2    | Killed Aizul
 52228 | Elf:2    | Reached XP level 21. HP: 180/183 MP: 30/30
 52514 | Elf:3    | Identified the +0 leather armour of Sann {rElec Int+2
                  | Dex+2}
 52514 | Elf:3    | Identified the ring of Xowirchi {Fly Str+2 Dex+2}
 52779 | Abyss:3  | Cast into level 3 of the Abyss (a deep elf sorcerer)
 52891 | Abyss:3  | Found a corrupted altar of Lugonu.
 53139 | Elf:3    | Escaped the Abyss
 53322 | Elf:3    | Identified the ring "Guco Zei" {rF+ rC- Int+10}
 53324 | Elf:3    | Reached skill level 10 in Armour
 53327 | Abyss:3  | Cast into level 3 of the Abyss (a deep elf sorcerer)
 53443 | Abyss:3  | Found a glowing golden altar of the Shining One.
 53446 | Abyss:3  | Noticed a juggernaut
 53460 | Abyss:3  | Killed a juggernaut
 53483 | Abyss:3  | Got an abyssal rune of Zot
 53497 | Abyss:3  | Found a corrupted altar of Lugonu.
 53556 | Abyss:3  | Gained mutation: Potions are less effective at restoring
                  | your health. [a neqoxec]
 53593 | Abyss:3  | Found a corrupted altar of Lugonu.
 53604 | Abyss:3  | Gained mutation: You occasionally shout uncontrollably at
                  | your foes. [a neqoxec]
 53656 | Abyss:3  | Found a corrupted altar of Lugonu.
 53726 | Abyss:3  | Noticed a bone dragon
 53747 | Abyss:3  | Killed a bone dragon
 53750 | Elf:3    | Escaped the Abyss
 53789 | Elf:3    | Gained mutation: You are frail. (-10% HP) [a neqoxec]
 53856 | Elf:3    | Reached XP level 22. HP: 172/172 MP: 10/31
 54088 | Elf:3    | Reached XP level 23. HP: 178/178 MP: 32/32
 54134 | Elf:3    | Identified the +0 ring mail "Ryedwing" {rElec Regen+ Int+4
                  | SInv}
 54147 | Elf:3    | Got the Cyclopedia of the Whale
 54164 | Elf:3    | Got the Reference Book on the Hindering Quake
 54178 | Elf:3    | Identified the ring "Ziolas" {Ice Str+5 SInv}
 54185 | Elf:3    | Identified the amulet of Curaw {Acrobat Rampage rElec rCorr
                  | Stlth+}
 54215 | Elf:3    | Got the Codex of Creation and Intoxication
 54237 | Elf:3    | Identified the +0 scale mail of Greed {rF- rC++}
 54451 | Vaults:1 | Entered Level 1 of the Vaults
 54829 | Orc:2    | Bought the ring of the Madman {rElec Int+6} for 650 gold
                  | pieces
 54946 | D:13     | Learned a level 3 spell: Mephitic Cloud
 55178 | Vaults:1 | Found a large runed translucent door.
 55178 | Vaults:1 | Found a large runed translucent door.
 55178 | Vaults:1 | Noticed Ukiefoc's ghost (adept DrFE)
 55231 | Vaults:1 | Reached skill level 1 in Conjurations
 55231 | Vaults:1 | Reached skill level 1 in Alchemy
 55867 | Vaults:1 | Found Weinnux's Orb Outfitters.
 55890 | Vaults:1 | Reached skill level 1 in Air Magic
 56078 | Vaults:1 | Reached skill level 1 in Spellcasting
 56086 | Vaults:1 | Killed Ukiefoc's ghost
 57663 | Vaults:3 | Found a staircase to the Crypt.
 57991 | Vaults:3 | Found a gateway to a bazaar.
 58336 | Vaults:3 | Identified the orb "Gywnaera" {*channel, Hexes}
 58336 | Vaults:3 | Noticed Frederick
 58349 | Vaults:3 | Killed Frederick
 58766 | Vaults:3 | Identified the +1 robe of Beyond {rCorr MP-9 Str+3 Int+2}
 58888 | Bazaar   | Entered a bazaar
 58894 | Bazaar   | Found Josu's Book Shop.
 58894 | Bazaar   | Found Rugehej's Jewellery Boutique.
 59200 | Vaults:4 | Reached skill level 5 in Alchemy
 59200 | Vaults:4 | Reached XP level 24. HP: 187/187 MP: 32/32
 60352 | Crypt:1  | Entered Level 1 of the Crypt
 60425 | Crypt:1  | Noticed Zenata
 60490 | Vaults:3 | Killed Zenata
 60630 | Crypt:1  | Noticed Sojobo
 60662 | Crypt:1  | Killed Sojobo
 60724 | Crypt:1  | Noticed Jory
 60746 | Crypt:1  | Killed Jory
 60892 | Crypt:1  | Noticed Margery
 60907 | Crypt:1  | Killed Margery
 60917 | Crypt:1  | Reached skill level 15 in Long Blades
 61058 | Crypt:1  | Found an ancient bone altar of Kikubaaqudgha.
 61685 | Crypt:2  | Identified the ring of Wopim {Ice rElec rN++ Str+2}
 61685 | Crypt:2  | Noticed Josephina
 61696 | Crypt:1  | Killed Josephina
 62448 | Crypt:2  | Reached XP level 25. HP: 194/194 MP: 32/32
 62858 | Crypt:3  | Entered Level 3 of the Crypt
 62998 | Crypt:3  | Found a basalt altar of Yredelemnul.
 63149 | Crypt:3  | Found the +13 scythe of Curses {drain, curses, ^Drain}
 63235 | Crypt:3  | Identified the +8 sling of Dithmenos's Favour {flame,
                  | rPois}
 63568 | Crypt:3  | Found a staircase to the Tomb.
 64657 | Depths:1 | Entered Level 1 of the Depths
 64669 | Depths:1 | You fall into a shaft and drop 1 floor!
 64716 | Depths:2 | Found a radiant altar of Vehumet.
 64823 | Depths:2 | Found a gateway to Hell.
 64974 | Depths:2 | Found a one-way gateway to a ziggurat.
 65422 | Depths:2 | Identified the ring of Eho Cecw {Wiz rPois Int+7 Stlth+}
 65578 | Depths:1 | Found Ruuv Yhu's Distillery.
 65587 | Depths:1 | Learned a level 4 spell: Olgreb's Toxic Radiance
 65593 | Depths:1 | Learned a level 4 spell: Ignite Poison
 65644 | Depths:2 | Noticed Vv
 65775 | Depths:2 | Found a gateway to a bazaar.
 65797 | Depths:1 | Noticed Boris
 65885 | Depths:2 | Killed Vv
 65908 | Depths:2 | Found a one-way gate leading to the halls of Pandemonium.
 65934 | Depths:1 | Killed Boris
 65954 | Depths:1 | Reached skill level 1 in Fire Magic
 66370 | Depths:1 | Found a one-way gate to the infinite horrors of the Abyss.
 66557 | Depths:1 | Found Margaret's Dragon-Slaying Spoils.
 67453 | Depths:3 | Noticed Boris
 67555 | Depths:3 | Noticed a juggernaut
 67586 | Depths:2 | Killed a juggernaut
 67660 | Depths:2 | Reached XP level 26. HP: 204/204 MP: 32/32
 67707 | Depths:3 | Noticed a juggernaut
 67737 | Depths:2 | Killed a juggernaut
 67967 | Depths:3 | Killed Boris
 68057 | Depths:3 | Learned a level 5 spell: Yara's Violent Unravelling
 68336 | Depths:3 | Found a flickering gateway to a bazaar.
 68354 | Bazaar   | Entered a bazaar
 68354 | Bazaar   | Found Leul's General Store.
 68354 | Bazaar   | Found Oleomp's Assorted Antiques.
 68354 | Bazaar   | Found Xodiv's Weapon Shoppe.
 68356 | Bazaar   | Found Lamnainn's Weapon Boutique.
 68409 | Bazaar   | Bought 6 datura-tipped darts for 64 gold pieces
 68420 | Bazaar   | Bought a potion of curing for 21 gold pieces
 68420 | Bazaar   | Bought a scroll of teleportation for 21 gold pieces
 68541 | Depths:3 | Identified the ring of Wishful Thinking {Str+6 Int+3}
 69006 | Depths:3 | Found a portal to a secret trove of treasure.
 69031 | Depths:3 | You paid a toll of 15 potions of curing to enter a treasure
                  | trove
 69032 | Trove    | Entered a treasure trove
 69053 | Trove    | Identified the ring "Kev Reck" {MP+9 Int-3 Dex+4}
 69055 | Trove    | Identified the ring of the Good {rPois rCorr SInv}
 69057 | Trove    | Identified the ring of the Prince of Darkness {rElec Int+6
                  | Dex-4 Stlth+}
 69059 | Trove    | Identified the amulet "Zatotaisk" {Spirit Harm Slay+2}
 69067 | Trove    | Identified the ring "Dufiq" {MP+9 Str+5 Stlth+}
 69069 | Trove    | Identified the ring "Jusurhol" {Fire Str+2 Dex-3 Slay+2}
 69071 | Trove    | Identified the ring "Zomi" {rF+ SInv Stlth+}
 69197 | Depths:1 | Bought a potion of curing for 48 gold pieces
 69197 | Depths:1 | Bought 2 potions of curing for 96 gold pieces
 69197 | Depths:1 | Bought a potion of curing for 48 gold pieces
 69222 | Depths:4 | Entered Level 4 of the Depths
 69235 | Depths:4 | Noticed Xtahua
 69253 | Depths:3 | Killed Xtahua
 69301 | Depths:3 | Reached skill level 1 in Hexes
 69531 | Depths:3 | Learned a level 4 spell: Cause Fear
 70046 | Depths:4 | Reached skill level 5 in Spellcasting
 70116 | Depths:4 | Reached skill level 10 in Alchemy
 70205 | Depths:4 | Identified the ring of Doirghin {Fly rElec Will+ rCorr
                  | Stlth-}
 70581 | Depths:4 | Found a gate to the Realm of Zot.
 70606 | Depths:4 | Learned a level 6 spell: Eringya's Noxious Bog
 71279 | Depths:4 | Reached skill level 27 in Shields
 71384 | Zot:1    | Entered Level 1 of the Realm of Zot
 71514 | Zot:1    | Reached XP level 27. HP: 212/212 MP: 32/32
 71708 | Zot:1    | Noticed an orb of fire
 71712 | Zot:1    | Gained mutation: You do not regenerate when monsters are
                  | visible. [an orb of fire]
 71738 | Zot:1    | Killed an orb of fire
 71739 | Zot:1    | Reached skill level 5 in Hexes
 71763 | Zot:1    | Lost mutation: Potions are less effective at restoring your
                  | health. [potion of mutation]
 71763 | Zot:1    | Lost mutation: You do not regenerate when monsters are
                  | visible. [potion of mutation]
 71763 | Zot:1    | Lost mutation: You occasionally shout uncontrollably at
                  | your foes. [potion of mutation]
 71763 | Zot:1    | Gained mutation: You occasionally lose the ability to drink
                  | potions when taking damage. [potion of mutation]
 71763 | Zot:1    | Gained mutation: You have hidden genetic defects. [potion
                  | of mutation]
 71763 | Zot:1    | Gained mutation: You passively map a small area around you.
                  | [potion of mutation]
 71764 | Zot:1    | Lost mutation: You have hidden genetic defects. [potion of
                  | mutation]
 71764 | Zot:1    | Lost mutation: You are frail. (-10% HP) [potion of
                  | mutation]
 71764 | Zot:1    | Lost mutation: You occasionally lose the ability to drink
                  | potions when taking damage. [potion of mutation]
 71764 | Zot:1    | Gained mutation: You occasionally lose the ability to drink
                  | potions when taking damage. [potion of mutation]
 71764 | Zot:1    | Gained mutation: You have sharp fingernails. [potion of
                  | mutation]
 71764 | Zot:1    | Gained mutation: You passively map the area around you.
                  | [potion of mutation]
 74644 | Bazaar   | Entered a bazaar
 74655 | Bazaar   | Found Qyokliuf's General Store.
 74703 | Bazaar   | Found Xail's Distillery.
 74712 | Bazaar   | Found Quhewk's Jewellery Emporium.
 74816 | Bazaar   | Found Juown's Assorted Antiques.
 74862 | Bazaar   | Bought a potion of might for 48 gold pieces
 74862 | Bazaar   | Bought a potion of heal wounds for 60 gold pieces
 74862 | Bazaar   | Bought a potion of heal wounds for 60 gold pieces
 74862 | Bazaar   | Bought a potion of curing for 36 gold pieces
 74862 | Bazaar   | Bought a potion of berserk rage for 60 gold pieces
 74871 | Bazaar   | Bought the ring of Pessugra {rF+ Will+++ MP+9 Int+3 Dex-4}
                  | for 419 gold pieces
 75206 | Slime:1  | Entered Level 1 of the Pits of Slime
 75644 | Slime:2  | Gained mutation: You sometimes lose your temper in combat.
                  | [a shining eye]
 75729 | Slime:2  | Gained mutation: You are clumsy. (Dex -2) [a shining eye]
 75742 | Slime:2  | Gained mutation: You occasionally shout uncontrollably at
                  | your foes. [a shining eye]
 76609 | Slime:1  | Gained mutation: You are vulnerable to heat. (rF-) [a
                  | shining eye]
 77750 | Slime:5  | Entered Level 5 of the Pits of Slime
 78158 | Slime:4  | Lost mutation: You passively map the area around you.
                  | [potion of mutation]
 78158 | Slime:4  | Lost mutation: You occasionally shout uncontrollably at
                  | your foes. [potion of mutation]
 78158 | Slime:4  | Gained mutation: You have hidden genetic defects. [potion
                  | of mutation]
 78159 | Slime:4  | Lost mutation: You are clumsy. (Dex -2) [potion of
                  | mutation]
 78159 | Slime:4  | Lost mutation: You passively map a small area around you.
                  | [potion of mutation]
 78159 | Slime:4  | Lost mutation: You are vulnerable to heat. (rF-) [potion of
                  | mutation]
 78159 | Slime:4  | Lost mutation: You sometimes lose your temper in combat.
                  | [potion of mutation]
 78159 | Slime:4  | Lost mutation: You occasionally lose the ability to drink
                  | potions when taking damage. [potion of mutation]
 78160 | Slime:4  | Lost mutation: You have hidden genetic defects. [potion of
                  | mutation]
 78160 | Slime:4  | Lost mutation: You have sharp fingernails. [potion of
                  | mutation]
 78160 | Slime:4  | Gained mutation: Armour fits poorly on your strangely
                  | shaped body. [potion of mutation]
 78160 | Slime:4  | Gained mutation: You expend magic power (3 MP) to
                  | strengthen your wands. [potion of mutation]
 78177 | Slime:5  | Noticed the Royal Jelly
 78503 | Slime:5  | Killed the Royal Jelly
 78541 | Slime:5  | Gained mutation: You occasionally shout uncontrollably at
                  | your foes. [a shining eye]
 78586 | Slime:5  | Identified the staff of the Asp {*Corrode rPois rF+ Dex+3
                  | Conj}
 78605 | Slime:5  | Identified the staff "Qumoo" {rC+ Int+2 Dex-4 Conj Ice}
 78622 | Slime:5  | Identified the staff "Giteroudd" {rF+ Earth}
 78667 | Slime:5  | Identified the staff of Uskayaw's Envy {rF+ Str+3 Fire}
 78680 | Slime:5  | Identified the +4 ring mail of the Bulwark {rF+ rN+ Regen+}
 78702 | Slime:5  | Identified the ring "Vize" {rC- rN+ Will+ AC+4 Dex+2}
 78711 | Slime:5  | Got a slimy rune of Zot
 78750 | Slime:5  | Identified the +1 war axe of Puikla {flame, rF+}
 78762 | Slime:5  | Identified the +7 morningstar of the Sun {drain, rC+ Int+4}
 78781 | Slime:5  | Identified the +0 plate armour of the Butcher {rPois Int+2}
 79283 | Lair:5   | Learned a level 5 spell: Silence
 82317 | Zot:5    | Entered Level 5 of the Realm of Zot
 82879 | Vaults:5 | Entered Level 5 of the Vaults
 83506 | Vaults:5 | Noticed a dread lich
 83988 | Vaults:4 | Killed a dread lich
 84375 | Vaults:5 | Reached skill level 5 in Air Magic
 84512 | Vaults:5 | Identified the +0 robe "Foahi" {*Slow +Blink rElec rC++}
 84982 | Vaults:5 | Reached skill level 15 in Invocations
 85263 | Vaults:5 | Identified the +6 short sword of Anguish {pain, Fly rElec
                  | rPois Str-5}
 85469 | Vaults:5 | Noticed a dread lich
 85477 | Vaults:5 | Identified the +3 shortbow of Emuech {freeze, *Slow Str+3
                  | Dex+6}
 85480 | Vaults:5 | Killed a dread lich
 85780 | Vaults:5 | Identified the +1 rapier "Poxag" {pain, Dex+3}
 86054 | Vaults:5 | Got a silver rune of Zot
 86514 | Hell     | Entered the Vestibule of Hell
 86514 | Hell     | Noticed Geryon
 86811 | Depths:1 | Reached skill level 27 in Dodging
 87138 | Hell     | Killed Geryon
 87247 | Hell     | Found a gateway to the decaying netherworld of Tartarus.
 87338 | Hell     | Found a gateway to the Iron City of Dis.
 87381 | Hell     | Found a gateway to the freezing wastes of Cocytus.
 87621 | Hell     | Found a gateway to the ashen valley of Gehenna.
 87964 | Pan      | Entered Pandemonium
 87971 | Pan      | Noticed Mennas
 88026 | Pan      | Noticed Ofuaqim the pandemonium lord
 88160 | Pan      | Killed Mennas
 88337 | Pan      | Reached skill level 10 in Evocations
 88534 | Pan      | Killed Ofuaqim the pandemonium lord
 88568 | Pan      | Reached skill level 27 in Fighting
 88587 | Pan      | Got a demonic rune of Zot
 88952 | Pan      | Noticed Oggu the pandemonium lord
 88960 | Pan      | Gained mutation: You occasionally lose the ability to read
                  | scrolls when taking damage. [a cacodemon]
 89056 | Pan      | Gained mutation: You are partially covered in iridescent
                  | scales. (AC +2) [a cacodemon]
 89091 | Pan      | Noticed Vipso the pandemonium lord
 89308 | Pan      | Noticed Hasaf the pandemonium lord
 89314 | Pan      | Reached skill level 5 in Shapeshifting
 89328 | Depths:2 | Escaped Pandemonium
 89338 | Depths:2 | HP: 7/249 [Hasaf the pandemonium lord/bolt of dispelling
                  | energy (67)]
 89341 | Depths:2 | Killed Hasaf the pandemonium lord
 89757 | Zot:5    | Noticed an orb of fire
 89763 | Zot:5    | Noticed a dread lich
 89766 | Zot:5    | Noticed a dread lich
 89772 | Zot:5    | Gained mutation: You are weak. (Str -2) [an orb of fire]
 89775 | Zot:5    | Gained mutation: You are frail. (-10% HP) [an orb of fire]
 89776 | Zot:5    | Noticed an ancient lich
 89779 | Zot:5    | Gained mutation: You frequently scream uncontrollably at
                  | your foes. [an orb of fire]
 89781 | Zot:5    | Gained mutation: Potions are less effective at restoring
                  | your health. [an orb of fire]
 89782 | Zot:5    | Killed an orb of fire
 89784 | Zot:5    | Paralysed by a dread lich for 3 turns
 89786 | Zot:5    | Noticed an orb of fire
 89794 | Zot:5    | Noticed an orb of fire
 89799 | Zot:5    | Paralysed by something for 4 turns
 89809 | Zot:4    | Gained mutation: You are clumsy. (Dex -2) [an orb of fire]
 89824 | Zot:4    | Paralysed by something for 3 turns
 89830 | Zot:4    | Killed a dread lich
 89839 | Zot:4    | HP: 2/224 [orb of fire/fireball (10)]
 89841 | Zot:4    | Gained mutation: You are dopey. (Int -2) [an orb of fire]
 89842 | Zot:4    | Killed an orb of fire
 89843 | Zot:4    | Lost mutation: You are dopey. (Int -2) [potion of mutation]
 89843 | Zot:4    | Lost mutation: You are clumsy. (Dex -2) [potion of
                  | mutation]
 89844 | Zot:4    | Lost mutation: You are partially covered in iridescent
                  | scales. (AC +2) [potion of mutation]
 89844 | Zot:4    | Lost mutation: You expend magic power (3 MP) to strengthen
                  | your wands. [potion of mutation]
 89844 | Zot:4    | Lost mutation: You are weak. (Str -2) [potion of mutation]
 89844 | Zot:4    | Gained mutation: Your mind is acute. (Int +4, Str/Dex -1)
                  | [potion of mutation]
 89844 | Zot:4    | Lost mutation: Potions are less effective at restoring your
                  | health. [potion of mutation]
 89844 | Zot:4    | Gained mutation: Your flesh is heat resistant. (rF+)
                  | [potion of mutation]
 90213 | Zot:5    | Killed an orb of fire
 90239 | Zot:4    | Killed an ancient lich
 90293 | Zot:4    | Killed a dread lich
 90432 | Zot:5    | Noticed a dread lich
 90445 | Zot:5    | Killed a dread lich
 90446 | Zot:5    | Reached skill level 10 in Hexes
 90572 | Zot:5    | Noticed an ancient lich
 90583 | Zot:5    | Killed an ancient lich
 90616 | Zot:5    | Noticed a dread lich
 90633 | Zot:5    | Killed a dread lich
 90796 | Zot:5    | Noticed a dread lich
 90811 | Zot:5    | Killed a dread lich
 90854 | Zot:5    | Identified the +3 ring mail "Sicimot" {rC+ Str+4 SInv}
 90907 | Zot:5    | Got the Orb of Zot
 90962 | Zot:4    | Noticed Arourrot the pandemonium lord
 90973 | Zot:3    | Paralysed by Arourrot for 2 turns
 90986 | Zot:3    | Killed Arourrot the pandemonium lord
 91473 | D:$      | Escaped with the Orb!

Illustrated notes

Levels and vault maps discovered:
D:1:      mrwooster_arrival_statue_2, layout_loops_ring, serial_forest,
          infiniplex_forest_clump_tiny, infiniplex_forest_lined_ring,
          infiniplex_forest_clump_double, infiniplex_forest_clump_cross,
          infiniplex_forest_end_3, kennysheep_another_room,
          nrook_mini_backslash, minmay_tall_x
D:2:      layout_basic, uniq_sigmund
D:3:      layout_basic, serial_shops, nicolae_shop_back_alley_shop, uniq_jessica
D:4:      layout_cave_pools, lemuel_zombie_altar_kikubaaqudgha, serial_shops,
          shop
D:5:      layout_cave_pools, serial_shops, shop, biasface_ghost_orc_armoury,
          roderic_nine_men_s_morris, minmay_curled_crystal, nrook_pool_corridor,
          uniq_duvessa
D:6:      layout_basic, minmay_temple_entry_statues_fountains
D:7:      layout_rooms, grunt_dithmenos_shadows, minitemple, enter_ossuary_2
D:8:      layout_basic, dpeg_oklobed_lair, gammafunk_ghost_nasty_kobolds,
          minmay_fractal_squares_5, uniq_grum
D:9:      layout_irregular_city, gammafunk_temple_overflow_elements
D:10:     cheibrodos_shockbox, layout_rooms, serial_shops, shop,
          chequers_serial_rivers_large_b, hellmonk_guarded_unrand_salamander
D:11:     layout_irregular_city, orc_0_dummy, portal_ice_cave_entry_pillars_2
D:12:     layout_cave_pools, kennysheep_potato
D:13:     layout_basic, lightli_vaults_fourway_checkpoint
D:14:     layout_loops_ring, serial_park_square1 [serial_park_minivault_5x5_5],
          minivault_10
D:15:     hellmonk_depths_entry_around_the_bend, layout_small_grid,
          serial_bayou_pond_a
Temple:   dpeg_chambers_temple
Lair:1:   layout_cave_pods, gammafunk_ghost_hive, dreamdust_gnoll_shepherd,
          lemuel_fruit_fields
Lair:2:   layout_roguey, uniq_fannar
Lair:3:   nzn_winding_woodlands_medium [nzn_winding_woodlands_5x5_checkerboard,
          nzn_winding_woodlands_5x15_pool, nzn_winding_woodlands_5x5_open_star,
          nzn_winding_woodlands_5x5_default,
          nzn_winding_woodlands_center_pierced_h,
          nzn_winding_woodlands_5x5_three, nzn_winding_woodlands_5x5_perimeter,
          nzn_winding_woodlands_5x15_concentric,
          nzn_winding_woodlands_hourglass], layout_long_grid,
          minmay_shoals_entry_beasts, alex1729_snake_entry_snake,
          ebering_ghost_rock_garden
Lair:4:   layout_cellular_growth, lemuel_centaur_altar, uniq_rupert
Lair:5:   minmay_lair_end_frog_pond, layout_regular_city, slime_entry_2,
          lemuel_fruit_tree
Shoals:1: layout_shoals
Shoals:2: layout_shoals, lemuel_oklob_altar, uniq_polyphemus
Shoals:3: layout_shoals, nicolae_shoals_loop_pool, uniq_ilsuiw, uniq_bai_suzhen
Shoals:4: shoals_end_hellmonk_lost_city, serial_shops
Snake:1:  layout_chambers, nicolae_snake_serpentine_hallways, uniq_louise,
          uniq_frances, uniq_kirke, uniq_roxanne
Snake:2:  layout_chambers, serial_shops, nicolae_shop_dealshenge
Snake:3:  layout_chambers, nicolae_snake_salamander_zone, minmay_shop_star
Snake:4:  johnstein_snake_rune_scales, layout_layer_cave, grunt_megastairs_2
Slime:1:  layout_caves
Slime:2:  layout_caves, nicolae_slime_getting_an_eyeful
Slime:3:  nicolae_slime_spelunking
Slime:4:  layout_caves
Slime:5:  slime_pit_nicolae_amoeboid
Orc:1:    layout_caves, hellmonk_guarded_unrand_dark_maul
Orc:2:    kennysheep_orc_mage_school, layout_caves, serial_shops,
          nicolae_shop_gibbet_a_chance, uniq_saint_roka
Elf:1:    eino_elf_arrival_customs, layout_geoelf_octagon,
          minmay_elf_crystal_heptagon
Elf:2:    elven_hall_of_blades_hangedman_alternative
          [nicolae_blade_entry_diamond_columns], layout_loops_corners,
          lightli_enter_wizlab_magi_temple, small_chamber_with_monster,
          uniq_aizul
Elf:3:    minmay_elf_hall_hex, layout_geoelf_octagon, minivault_16,
          minmay_elf_sorcery
Vaults:1: advil_vaults_ghost_guards, nicolae_vaults_heart-shaped_vault,
          nicolae_vaults_network_quinsquares
          [nicolae_vaults_network_quincunx_subvault,
          nicolae_vaults_network_quincunx_subvault,
          nicolae_vaults_network_quincunx_subvault,
          nicolae_vaults_network_quincunx_subvault], v_misc_3,
          hangedman_vaults_hat, vaults_room_ringed_pool,
          nicolae_vaults_yaktaur_gun_rack, vaults_dpeg_encased_lava,
          vaults_room_boxed, nicolae_vaults_double_plus_1, vaults_dpeg_hooks,
          vaults_room_grid, nicolae_vaults_house_3,
          nicolae_vaults_trapezoid_lopsided_3, grunt_vaults_focal,
          tekkud_shop_of_orbs, ontoclasm_vaults_decontamination,
          nicolae_vaults_storage_room_doors, layout_vaults_ring
Vaults:2: nicolae_vaults_trapezoid_3, ontoclasm_vaults_fault,
          grunt_vaults_funnel, grunt_vaults_trifunnel, v_alt_pattern_1,
          nicolae_vaults_spaceships, vaults_room_door_hall,
          nicolae_vaults_alarming, vaults_dpeg_emergency_exit,
          nicolae_vaults_house_1, layout_vaults_chaotic_city
Vaults:3: ontoclasm_vaults_spin, nicolae_vaults_security_offices_5, v_pattern_2,
          grunt_vaults_hallway_long, serial_library_hellmonk_reading_circle,
          grunt_vaults_diagonal, blue_anna_dwarven_crypt,
          ontoclasm_vaults_ligature, nicolae_vaults_network_barrier, v_misc_26,
          nicolae_vaults_trapezoid_lopsided_3, nicolae_vaults_wine_cellar,
          layout_vaults_omnicross, serial_shops, bzr_entry_dummy, uniq_frederick
Vaults:4: nicolae_vaults_meiosis, st_hourglassy, nicolae_vaults_circle_grid_a,
          hangedman_vaults_snaps, nicolae_vaults_theta,
          nicolae_vaults_little_squares_1, v_rooms_1, v_misc_13,
          ontoclasm_vaults_ring_square, layout_vaults_omnibox, serial_glass
Vaults:5
Crypt:1:  layout_chaotic_city, basic_altar, nicolae_crypt_grave_offerings,
          grunt_megastairs_5, grunt_crypt_arrival_split, uniq_margery,
          uniq_zenata, uniq_sojobo, uniq_jory
Crypt:2:  layout_misc_corridors, nicolae_crypt_small_crypt, uniq_josephina
Crypt:3:  evilmike_haunted_forest
Depths:1: layout_cave_shapes, nicolae_benzene_ring, grunt_hell_entry_dis_grunt,
          abyss_entry_glasseish, nicolae_shop_dragon_depot,
          minmay_parallelograms, nicolae_take_the_stairs,
          nicolae_twisty_statue_hallways, uniq_boris
Depths:2: cross_vault, layout_gridlike, enter_ziggurat_f,
          nicolae_vehumet_altar_sigil, grunt_metal_band, serial_shops,
          bzr_entry_road, pan_entry, uniq_vv
Depths:3: minmay_four_inscribed_fans, layout_twisted_cross,
          trove_entry_hex_spiral, abyss_entry, serial_shops, bzr_in_the_mist,
          pf_coc_iceberg
Depths:4: lemuel_castle_with_subvaults [lemuel_castle_interior_original],
          layout_gridlike, hell_entry, abyss_entry,
          serial_library_hellmonk_small_corner, roderic_lattice_octagonal_star,
          uniq_xtahua
Hell
Zot:1:    layout_twisted_circle, regret_index_zotdec_under_construction,
          regret_index_zotdec_bone_old
Zot:2:    layout_basic, st_small_dragon_hoard_3
Zot:3:    layout_gridlike, regret_index_zot_stipple_split
Zot:4:    circus_mu, layout_misc_corridors
Zot:5:    layout_cathedral_of_symmetry

Skill      XL: |  1  2  3  4  5  6  7  8  9 10 11 12 13 14 15 16 17 18 19 20 21 22 23 24 25 26 27 |
---------------+----------------------------------------------------------------------------------+-----
Fighting       | 4 5 6 7 8 10 11 13 16 18 19 20 21 22 23 27 | 27.0
Short Blades   | 1 3 4 |  4.5
Dodging        | 5 6 7 8 9 10 11 13 14 15 16 17 18 19 20 21 22 27 | 27.0
Long Blades    | 4 6 7 9 11 13 14 15 16 17 | 17.7
Armour         | 1 2 3 4 5 6 7 8 11 12 13 | 13.2
Stealth        | 1 2 3 4 |  4.0
Shapeshifting  | 2 3 4 5 |  5.6
Invocations    | 3 5 7 8 9 10 11 12 19 | 19.1
Throwing       | 2 3 4 |  4.4
Shields        | 3 9 11 13 15 16 18 20 21 22 23 24 26 27 | 27.0
Evocations     | 2 5 7 8 11 | 11.2
Conjurations   | 2 3 4 |  4.0
Alchemy        | 5 9 11 12 | 12.0
Air Magic      | 2 3 5 |  5.0
Spellcasting   | 3 4 5 9 |  9.0
Fire Magic     | 2 |  2.0
Hexes          | 4 11 | 11.7

Action                     |  1- 3 |  4- 6 |  7- 9 | 10-12 | 13-15 | 16-18 | 19-21 | 22-24 | 25-27 || total
---------------------------+-------+-------+-------+-------+-------+-------+-------+-------+-------++-------
  Melee: Falchion          |    17 |    65 |   296 |   614 |  1314 |       |       |       |       ||  2306
         Short sword       |    64 |    84 |    86 |       |    46 |       |       |       |       ||   280
         Tailslap          |       |       |       |       |     2 |    61 |     9 |       |    37 ||   109
         Long sword        |       |       |       |       |   668 |       |       |       |       ||   668
         Scimitar          |       |       |       |       |    34 |  1568 |  1488 |       |       ||  3090
         Unarmed           |       |       |       |       |       |     2 |       |       |       ||     2
         Eudemon blade     |       |       |       |       |       |       |   155 |  1404 |  4043 ||  5602
  Throw: Dart              |       |       |       |    27 |    13 |     5 |     1 |       |       ||    46
         Boomerang         |       |       |       |    11 |    10 |       |       |       |       ||    21
         Javelin           |       |       |       |       |       |     3 |     5 |       |     1 ||     9
   Cast: Mephitic Cloud    |       |       |       |       |       |       |       |       |    90 ||    90
         Olgreb's Toxic Ra |       |       |       |       |       |       |       |       |    40 ||    40
         Ignite Poison     |       |       |       |       |       |       |       |       |    50 ||    50
         Eringya's Noxious |       |       |       |       |       |       |       |       |    16 ||    16
         Yara's Violent Un |       |       |       |       |       |       |       |       |    11 ||    11
         Cause Fear        |       |       |       |       |       |       |       |       |     6 ||     6
 Invoke: Draw Destruction  |       |       |     4 |    11 |    21 |       |       |       |       ||    36
         Draw Summoning    |       |       |     1 |     5 |     8 |       |       |       |       ||    14
         Draw Escape       |       |       |       |       |     3 |       |       |       |       ||     3
         Upheaval          |       |       |       |       |     1 |    10 |    10 |       |     8 ||    29
         Elemental Force   |       |       |       |       |       |       |     4 |       |     4 ||     8
         Disaster Area     |       |       |       |       |       |       |     1 |       |     1 ||     2
  Evoke: Wand              |       |       |       |       |     6 |     3 |     9 |     3 |     3 ||    24
         Lightning rod     |       |       |       |       |       |     6 |    14 |     3 |    11 ||    34
         Condenser vane    |       |       |       |       |       |       |     2 |       |     2 ||     4
         Sack of spiders   |       |       |       |       |       |       |     1 |     1 |     2 ||     4
         Phantom mirror    |       |       |       |       |       |       |       |       |     2 ||     2
         Horn of Geryon    |       |       |       |       |       |       |       |       |     1 ||     1
    Use: Potion            |       |     1 |     1 |       |     2 |     3 |     3 |     1 |    22 ||    33
         Scroll            |       |       |       |       |    11 |     5 |     5 |    10 |    15 ||    46
   Stab: Distracted        |       |       |       |     3 |    10 |       |     1 |       |     2 ||    16
         Sleeping          |       |       |       |     1 |     2 |       |       |       |       ||     3
         Petrified         |       |       |       |       |     7 |       |       |       |       ||     7
         Paralysed         |       |       |       |       |       |       |     1 |     6 |       ||     7
         Held in net/web   |       |       |       |       |       |       |     1 |       |       ||     1
         Confused          |       |       |       |       |       |       |       |     1 |    48 ||    49
 Armour: Robe              |    20 |       |       |       |       |       |       |       |       ||    20
         Ring mail         |       |    82 |   213 |   285 |   507 |   561 |    35 |       |       ||  1683
         Skin              |       |       |       |       |       |     1 |       |       |       ||     1
         Troll leather arm |       |       |       |       |       |       |   352 |   160 |   712 ||  1224
  Dodge: Dodged            |    55 |   107 |   251 |   332 |   331 |   419 |   552 |   316 |  1693 ||  4056
         Repelled          |       |       |       |       |       |     8 |    32 |    10 |    92 ||   142
  Block: Kite shield       |       |       |       |    92 |  2374 |  2514 |  2531 |  1734 |  5181 || 14426
         Reflection        |       |       |       |       |       |       |       |    76 |   175 ||   251
   Form: Beast             |       |       |     1 |       |       |       |       |       |       ||     1
                           |       |       |       |     1 |       |       |       |       |       ||     1
